 Dungeon Crawl Stone Soup version 0.22-a0-447-gee5f723 (webtiles) character file.

123025 ArgaWasAlreadyTaken the Warrior (level 16, -9/111 HPs)
             Began as a Gargoyle Fighter on June 3, 2018.
             Was the Champion of Makhleb.
             Killed by divine providence
             ... invoked by Saint Roka
              (13 damage)
             ... on level 3 of the Snake Pit.
             The game lasted 00:18:20 (15830 turns).

ArgaWasAlreadyTaken the Warrior (Gargoyle Fighter) Turns: 15830, Time: 00:18:50

Health: -9/111     AC: 37    Str: 31    XL:     16   Next: 53%
Magic:  25/25      EV: 19    Int: 11    God:    Makhleb [******]
Gold:   586        SH: 20    Dex:  9    Spells: 15/15 levels left

rFire    . . .     SeeInvis .   A - +3 broad axe (freeze)
rCold    . . .     Gourm    .   H - +0 large shield
rNeg     + . .     Faith    .   X - +0 crystal plate armour
rPois    ∞         Spirit   .   (no helmet)
rElec    +         Reflect  .   (no cloak)
rCorr    .         Harm     .   (no gloves)
MR       ++...                  l - +2 pair of boots
Stlth    ..........             L - amulet of the acrobat
HPRegen  0.28/turn              i - +6 ring of strength
MPRegen  0.19/turn              m - ring of protection from magic

@: no status effects
A: big wings, negative energy resistance 1, electricity resistance, unbreathing,
petrification resistance, rot immunity, AC +12
}: 1/15 runes: serpentine
a: Fly, Minor Destruction, Lesser Servant of Makhleb, Major Destruction, Greater
Servant of Makhleb, Renounce Religion


You were on level 3 of the Snake Pit.
You worshipped Makhleb.
Makhleb was exalted by your worship.
You were not hungry.

You visited 5 branches of the dungeon, and saw 23 of its levels.

You collected 903 gold pieces.
You spent 317 gold pieces at shops.

Inventory:

Hand Weapons
 A - a +3 broad axe of freezing (weapon)
Armour
 b - a +0 scale mail
 c - a +0 shield
 l - a +2 pair of boots (worn)
 H - a +0 large shield (worn)
 U - a +0 plate armour
 X - a +0 crystal plate armour (worn)
Jewellery
 i - a +6 ring of strength (left hand)
 m - a ring of protection from magic (right hand)
 q - a +4 ring of intelligence
 u - a +3 ring of evasion
 E - an uncursed ring of poison resistance {unknown}
 G - an uncursed amulet of rage
 J - a +2 ring of dexterity {unknown}
 L - an amulet of the acrobat (around neck)
 O - an uncursed ring of positive energy {unknown}
 Y - a +5 ring of dexterity {unknown}
Wands
 D - a wand of acid (9)
 I - a wand of iceblast (32)
 P - a wand of paralysis (46)
Scrolls
 j - 6 scrolls of remove curse
 y - 3 scrolls of amnesia
 M - a scroll of enchant armour
 R - 2 scrolls of identify
 S - a scroll of fear
 T - a scroll of teleportation
 Z - 2 scrolls of noise
Potions
 d - 2 potions of might
 o - a potion of invisibility
 t - 2 potions of haste
 w - 3 potions of cancellation
 C - a potion of experience {unknown}
 F - 5 potions of lignification
 K - a potion of ambrosia
 N - 2 potions of mutation {!q}
 Q - 7 potions of curing
 V - 2 potions of magic
Comestibles
 f - 16 rations


   Skills:
 + Level 16.4 Fighting
 + Level 14.0 Axes
 + Level 12.7 Armour
 + Level 12.7 Shields
 + Level 12.3 Invocations


You had 15 spell levels left.
You didn't know any spells.
Your spell library contained the following spells:

 Spells                   Type           Power        Failure   Level  Hunger
 Apportation              Tloc           #.....       100%        1    ##.....
 Confuse                  Hex            #.......     100%        3    ####...
 Invisibility             Hex            #.......     100%        6    #######
 Tukima's Dance           Hex            #.......     100%        3    ####...
 Spider Form              Tmut/Pois      #.........   100%        3    ####...
 Blade Hands              Tmut           #.........   100%        5    ######.
 Statue Form              Tmut/Erth      #........    100%        6    #######
 Ice Form                 Ice/Tmut       #.......     100%        4    #####..
 Dragon Form              Tmut           #.........   100%        7    #######
 Sticks to Snakes         Tmut           #.......     100%        2    ###....
 Ensorcelled Hibernation  Hex/Ice        #.....       100%        2    ###....
 Summon Butterflies       Summ           #.......     100%        1    ##.....
 Corona                   Hex            #......      100%        1    ##.....
 Alistair's Intoxication  Tmut/Pois      #.......     100%        5    ######.
 Beastly Appendage        Tmut           #.....       100%        1    ##.....
 Dazzling Spray           Conj/Hex       #.....       100%        3    ####...
 Hydra Form               Tmut           #.........   100%        6    #######
 Irradiate                Conj/Tmut      #.........   100%        5    ######.
 Lesser Beckoning         Tloc           #.........   100%        3    ####...


Dungeon Overview and Level Annotations

Branches:
Dungeon (14/15)            Temple (1/1) D:6            Lair (3/6) D:11
  Swamp (0/4) Lair:3        Snake (4/4) Lair:2          Orc (1/2) D:12
 Vaults: D:13-14

Altars:
Ashenzari
Cheibriados
Dithmenos
Elyvilon
Fedhas
Gozag
Hepliaklqana
Kikubaaqudgha
Makhleb
Nemelex Xobeh
Okawaru
Qazlal
Ru
Sif Muna
Trog
Uskayaw
Vehumet
Wu Jian
Xom
Yredelemnul
Zin
The Shining One

Shops:
D:4 (   D:5 *   D:7 *   D:12 *

Annotations:
D:7 1 runed door
D:8 ArgaWasAlreadyTaken's ghost, novice DDFi
D:10 Snorg
D:11 exclusion: upstairs
Snake:3 exclusion: Roxanne, Roxanne; Saint Roka


Innate Abilities, Weirdness & Mutations

You are resistant to torment.
Your stone body is resilient. (AC +12)
You are immune to poison.
Your large and strong wings let you fly indefinitely.
You resist negative energy. (rN+)
You are resistant to electric shocks. (rElec)
You can survive without breathing.
You are immune to petrification.
You are immune to rotting.


Message History

Unknown command!
Butt are too injured to fight recklessly!!!
Okay, then!
Butts you read the scroll of fear, it crumbles to dust!
You assume a fearsome visage!
Your neqoxec is unaffected!
Your hellwing is unaffected!
Saint Roka looks frightened!!!
The orc butts frightened!!!
The butt no longer looks unusually strong!
Your neqoxec completely misses Saint Roka!
Your hellwing closely misses Saint Roka!
Your hellwing barely misses Saint Roka!
Unknown butt!
Okay, then!
Your neqoxec gestures!
Your hellwing hits Saint Roka!!!
Your hellwing'butts attack butts Saint Roka out of his fear!
Your hellwing barely misses Saint Butt!
Saint Roka butts some strange prayers to Beogh against you!
Beogh smites you!!! rip

#.########################
#........)...............#
#########....##..........#
###.....###..........#
#####.....####...........#
....#..#####.o.o.........#
.##....# ##.######.######
.##.#..####o.######.######
..........#.#.o.@....>%..#
#.............34##..######
#........###).####)##
......#### #..# #[#
...##.## #.## #.#
#####(.## #.# ..#
######..# #.# .##
....###.####.# #.
.##+###...##.####.


You could see Saint Roka, an orc (fleeing), a friendly hellwing and a friendly
neqoxec.

Vanquished Creatures
  Agnes (Snake:1)
  7 nagarajas (Snake:4)
  Aizul (Snake:3)
  Snorg (D:10)
  The ghost of Supreme the Geomancer, a journeyman FoEE of Cheibriados (D:12)
  14 naga warriors
  A hydra (Lair:1)
  A catoblepas (D:13)
  A centaur warrior (D:13)
  4 anacondas (Snake:4)
  6 two-headed ogres
  4 naga sharpshooters
  5 shock serpents
  4 salamander mystics
  4 unseen horrors
  6 naga ritualists
  3 cyclopes
  5 ugly things
  7 mana vipers
  2 manticores
  12 salamanders
  An elephant (D:11)
  4 centaur zombies
  5 guardian serpents
  13 naga magi
  27 black mambas
  3 spiny frogs
  A gargoyle (D:13)
  A redback zombie (D:14)
  4 komodo dragons
  2 efreet
  6 trolls
  The ghost of pyroka the Stinger, an amateur DsVM of Uskayaw (D:3)
  5 blink frogs (Lair:2)
  9 hippogriffs
  11 slime creatures
  4 dream sheep (Lair:2)
  A wraith (D:12)
  2 wyverns
  3 basilisks
  11 yaks
  A tarantella (shapeshifter) (D:13)
  Eustachio (D:5)
  A steam dragon (D:10)
  A hungry ghost (D:13)
  49 nagas
  Edmund (D:6)
  2 acid dragons
  2 two-headed ogre zombies (D:12)
  10 water moccasins
  2 porcupines (Lair:1)
  Duvessa (D:5)
  4 orc warriors
  4 sky beasts
  A black bear (shapeshifter) (D:14)
  4 ice beasts
  A black bear (D:11)
  2 necrophages
  10 ogres
  4 phantoms
  2 crocodiles
  23 centaurs
  3 big kobolds
  An elf zombie (D:11)
  7 bullfrogs
  A gnoll sergeant (D:11)
  A water moccasin zombie (D:8)
  3 wyvern skeletons
  Dowan (D:5)
  51 killer bees
  8 wights
  4 howler monkeys
  An electric eel (Lair:3)
  3 bullfrog zombies
  5 crimson imps
  A jelly (D:7)
  2 quasits
  A human zombie (D:11)
  5 orc priests
  3 hounds
  7 orc wizards
  2 bullfrog skeletons
  3 iguanas
  11 worker ants
  6 ogre zombies (D:12)
  3 hound skeletons
  A mummy (D:11)
  10 gnolls
  A worker ant zombie (D:11)
  5 adders
  7 shadow imps
  A white imp (D:14)
  An adder skeleton (D:7)
  2 dart slugs
  3 leopard geckos
  29 orcs
  2 bats
  2 giant cockroaches
  2 goblins
  6 hobgoblins
  5 jackals
  5 quokkas
  3 ball pythons
  2 frilled lizards
  2 goblin skeletons (D:12)
  2 goblin zombies (D:12)
  2 hobgoblin skeletons (D:12)
  3 hobgoblin zombies (D:12)
  A jackal zombie (D:6)
  20 kobolds
  3 orc skeletons (D:12)
  13 orc zombies (D:12)
  2 quokka skeletons
  2 rats
  A fungus (Lair:1)
601 creatures vanquished.

Vanquished Creatures (collateral kills)
  2 nagarajas (Snake:4)
  5 hydras
  A naga warrior (Snake:4)
  A two-headed ogre (D:10)
  A shock serpent (Snake:4)
  2 naga sharpshooters
  A salamander mystic (Snake:4)
  A naga ritualist (Snake:4)
  A mana viper (Snake:4)
  7 naga magi
  A guardian serpent (Snake:4)
  2 black mambas
  A gargoyle (D:12)
  A spiny frog (Lair:1)
  A hippogriff (D:12)
  6 nagas
  2 bullfrogs
  A hound (D:12)
  A gnoll (D:11)
  A white imp (D:14)
39 creatures vanquished.

Vanquished Creatures (others)
  A naga warrior (Snake:4)
  An anaconda (Snake:4)
  A mana viper (Snake:4)
  A black mamba (Snake:1)
  A naga (Snake:4)
  A crimson imp (D:5)
  An orc wizard (D:11)
  A fungus (Lair:3)
  3 plants
11 creatures vanquished.

Grand Total: 651 creatures vanquished

Notes
Turn   | Place    | Note
-------+----------+-------------------------------------------
     0 | D:1      | ArgaWasAlreadyTaken the Gargoyle Fighter began the quest for the Orb.
     0 | D:1      | Reached XP level 1. HP: 14/14 MP: 1/1
   169 | D:2      | Reached XP level 2. HP: 18/19 MP: 2/2
   581 | D:3      | Noticed pyroka's ghost (amateur DsVM)
   594 | D:3      | Killed pyroka's ghost
   594 | D:3      | Reached skill level 5 in Fighting
   594 | D:3      | Reached skill level 3 in Axes
   594 | D:3      | Reached XP level 3. HP: 19/26 MP: 3/3
   594 | D:3      | Reached XP level 4. HP: 22/31 MP: 4/4
   594 | D:3      | Reached XP level 5. HP: 25/35 MP: 5/5
   758 | D:3      | Reached XP level 6. HP: 40/40 MP: 6/6
   933 | D:4      | Found Ominuo's Weapon Shop.
   942 | D:4      | Reached skill level 6 in Fighting
  1102 | D:4      | Reached XP level 7. HP: 33/47 MP: 7/7
  1313 | D:5      | Entered Level 5 of the Dungeon
  1409 | D:5      | Noticed Eustachio
  1442 | D:5      | Killed Eustachio
  1442 | D:5      | Reached skill level 7 in Fighting
  1523 | D:5      | Found Yleisybefa's Assorted Antiques.
  1539 | D:5      | Noticed Dowan
  1555 | D:5      | Killed Dowan
  1557 | D:5      | Noticed Duvessa
  1597 | D:5      | Killed Duvessa
  1619 | D:5      | Bought a scroll labeled SUDWEDWEITH for 17 gold pieces
  1619 | D:5      | Bought a scroll labeled POKATIMOCER for 17 gold pieces
  1619 | D:5      | Bought a ruby potion for 15 gold pieces
  1619 | D:5      | Bought 2 inky potions for 30 gold pieces
  1619 | D:5      | Bought a smoky yellow potion for 15 gold pieces
  1674 | D:5      | Reached skill level 6 in Axes
  1674 | D:5      | Reached XP level 8. HP: 53/54 MP: 8/8
  1779 | D:5      | Found a deep blue altar of Sif Muna.
  1816 | D:6      | Reached skill level 8 in Fighting
  1826 | D:6      | Noticed Edmund
  1851 | D:6      | Killed Edmund
  2075 | D:6      | Found a staircase to the Ecumenical Temple.
  2131 | Temple   | Entered the Ecumenical Temple
  2377 | Temple   | Became a worshipper of Makhleb the Destroyer
  2448 | D:6      | Reached skill level 9 in Fighting
  2560 | D:6      | Found a white marble altar of Elyvilon.
  2562 | D:6      | Found a hazy altar of Hepliaklqana.
  2577 | D:6      | Found a basalt altar of Yredelemnul.
  2579 | D:6      | Found a shimmering altar of Xom.
  2579 | D:6      | Found a snail-covered altar of Cheibriados.
  2580 | D:6      | Found a glowing golden altar of the Shining One.
  2581 | D:6      | Found a deep blue altar of Sif Muna.
  2583 | D:6      | Found a shattered altar of Ashenzari.
  2584 | D:6      | Found a sparkling altar of Nemelex Xobeh.
  2619 | D:7      | Reached XP level 9. HP: 39/60 MP: 9/9
  2877 | D:7      | Found Lyhiq's Assorted Antiques.
  2987 | D:7      | Bought a scroll labeled POKATIMOCER for 27 gold pieces
  2987 | D:7      | Bought a scroll labeled HOES OLOCOMP for 27 gold pieces
  2987 | D:7      | Bought a scroll labeled HOES OLOCOMP for 27 gold pieces
  3038 | D:7      | Reached skill level 10 in Fighting
  3534 | D:7      | Reached * piety under Makhleb
  3723 | D:7      | Found a runed door.
  3764 | D:8      | Noticed a two-headed ogre
  3782 | D:7      | Killed a two-headed ogre
  3782 | D:7      | Reached skill level 11 in Fighting
  3782 | D:7      | Reached skill level 9 in Axes
  3782 | D:7      | Reached XP level 10. HP: 55/70 MP: 10/10
  4188 | D:8      | Noticed a two-headed ogre
  4466 | D:8      | Reached ** piety under Makhleb
  4466 | D:8      | Reached skill level 12 in Fighting
  4535 | D:8      | Reached skill level 1 in Invocations
  4748 | D:8      | Noticed ArgaWasAlreadyTaken's ghost (novice DDFi)
  4864 | D:9      | Reached XP level 11. HP: 26/76 MP: 12/12
  5305 | D:9      | Reached *** piety under Makhleb
  5537 | D:9      | Reached skill level 3 in Invocations
  5798 | D:10     | Entered Level 10 of the Dungeon
  5836 | D:10     | Noticed a two-headed ogre
  5849 | D:10     | Killed a two-headed ogre
  6110 | D:10     | Noticed a two-headed ogre
  6119 | D:10     | Killed a two-headed ogre
  6400 | D:10     | Noticed Snorg
  6406 | D:10     | Noticed a two-headed ogre
  6412 | D:10     | Killed Snorg
  6413 | D:10     | Killed a two-headed ogre
  6512 | D:10     | Killed an unseen horror
  7047 | D:10     | Noticed a death knight
  7047 | D:10     | Noticed a skeletal warrior
  7048 | D:10     | Noticed a skeletal warrior
  7088 | D:11     | Noticed a cyclops
  7132 | D:11     | Noticed a two-headed ogre
  7149 | D:11     | Killed a two-headed ogre
  7149 | D:11     | Reached skill level 6 in Armour
  7149 | D:11     | Reached skill level 6 in Shields
  7340 | D:11     | Killed a cyclops
  7672 | D:11     | Found a staircase to the Lair.
  7687 | D:11     | Reached **** piety under Makhleb
  7696 | D:11     | Reached skill level 13 in Fighting
  7709 | D:11     | Reached XP level 12. HP: 84/84 MP: 15/15
  8196 | D:11     | You fall through a shaft for 3 floors!
  8215 | D:14     | Reached skill level 6 in Invocations
  8276 | D:14     | Noticed a deep elf knight
  8314 | D:14     | Noticed a two-headed ogre
  8346 | D:14     | Killed a two-headed ogre
  8617 | D:13     | Noticed a catoblepas
  8626 | D:13     | Killed a catoblepas
  8661 | D:13     | Identified a scroll of acquirement
  8680 | D:13     | Reached XP level 13. HP: 82/89 MP: 18/18
  8683 | D:13     | Reached ***** piety under Makhleb
  9097 | D:13     | Reached skill level 14 in Fighting
  9411 | D:12     | Found a staircase to the Orcish Mines.
  9436 | Orc:1    | Entered Level 1 of the Orcish Mines
  9438 | Orc:1    | Noticed an orc warlord
  9567 | D:12     | Found Geugid's Assorted Antiques.
  9573 | D:12     | Reached skill level 9 in Armour
  9598 | D:12     | Bought a sedimented cyan potion for 24 gold pieces
  9598 | D:12     | Bought a scroll of fear for 94 gold pieces
  9598 | D:12     | Bought a lumpy silvery potion for 24 gold pieces
  9630 | D:12     | Reached skill level 12 in Axes
  9630 | D:12     | Reached skill level 9 in Shields
  9657 | D:12     | Noticed Supreme's ghost (journeyman FoEE)
  9695 | D:12     | Killed Supreme's ghost
 10335 | Lair:1   | Entered Level 1 of the Lair of Beasts
 10906 | Lair:2   | Found a staircase to the Snake Pit.
 10909 | Lair:2   | Reached skill level 9 in Invocations
 10977 | Lair:2   | Reached ****** piety under Makhleb
 10984 | Lair:2   | Gained mutation: Your large and strong wings let you fly indefinitely. [Gargoyle growth]
 10984 | Lair:2   | Reached XP level 14. HP: 96/96 MP: 20/20
 11324 | Lair:2   | Found a dark tunnel.
 11418 | Lair:3   | Found a staircase to the Swamp.
 11570 | Lair:3   | Found a snail-covered altar of Cheibriados.
 12010 | Snake:1  | Entered Level 1 of the Snake Pit
 12012 | Snake:1  | Noticed Agnes
 12027 | Snake:1  | Killed Agnes
 13006 | Snake:2  | Reached skill level 15 in Fighting
 13023 | Snake:2  | Found a white marble altar of Elyvilon.
 13535 | Snake:3  | HP: 4/98 [mana viper (7)]
 13767 | Snake:3  | Reached XP level 15. HP: 86/103 MP: 22/22
 13811 | Snake:3  | Noticed Aizul
 13842 | Snake:3  | Killed Aizul
 13924 | Snake:3  | Noticed Roxanne
 14202 | Snake:3  | Noticed Saint Roka
 14238 | Snake:4  | Entered Level 4 of the Snake Pit
 14752 | Snake:4  | Noticed a nagaraja
 14761 | Snake:4  | Killed a nagaraja
 14962 | Snake:4  | Noticed a nagaraja
 14964 | Snake:4  | Noticed a nagaraja
 14965 | Snake:4  | Noticed a nagaraja
 14967 | Snake:4  | Noticed a nagaraja
 14967 | Snake:4  | Noticed a nagaraja
 14969 | Snake:4  | Reached skill level 12 in Armour
 14970 | Snake:4  | Noticed a nagaraja
 14973 | Snake:4  | Reached skill level 12 in Shields
 14979 | Snake:4  | Noticed a nagaraja
 14980 | Snake:4  | Killed a nagaraja
 15158 | Snake:4  | Killed a nagaraja
 15181 | Snake:4  | Killed a nagaraja
 15181 | Snake:4  | Reached skill level 16 in Fighting
 15294 | Snake:4  | Reached XP level 16. HP: 87/110 MP: 24/24
 15358 | Snake:4  | Noticed a nagaraja
 15374 | Snake:4  | Killed a nagaraja
 15487 | Snake:4  | Noticed a nagaraja
 15490 | Snake:4  | Noticed a nagaraja
 15503 | Snake:4  | Killed a nagaraja
 15503 | Snake:4  | Reached skill level 12 in Invocations
 15505 | Snake:4  | Killed a nagaraja
 15523 | Snake:4  | Killed a nagaraja
 15626 | Snake:4  | Killed a nagaraja
 15727 | Snake:4  | Got a serpentine rune of Zot
 15828 | Snake:3  | HP: 3/111 [orc/vampiric trident[Saint Roka] (11)]
 15830 | Snake:3  | Killed from afar by Saint Roka

Vault maps used:
D:1:      dpeg_arrival_concentric_ovals
D:2:      serial_glass, glass_columns_a, glass_columns_b
D:4:      serial_shops, shop
D:5:      first_ration, serial_glass, glass_columns_a, glass_columns_c,
          glass_columns_b, glass_columns_a, serial_shops, shop_fountains,
          minivault_4, led_sif_book, uniq_eustachio, uniq_duvessa
D:6:      minitemple, minmay_temple_entry_glassed_door, basic_altar,
          minmay_splitting_lines, tgw_xom, uniq_edmund
D:7:      serial_shops, nicolae_shop_trees, uniq_crazy_yiuf_cottage
D:8:      wad_woods_minihive, hangedman_ranch, lightli_minifort
D:9:      hangedman_decor_points
D:10:     enter_bailey_2, uniq_snorg
D:11:     david_lair_generic, lemuel_mausoleum_altar_yredelemnul
D:12:     zombieorc2_lemuel, serial_shops, shop, kennysheep_nondescript
D:14:     evilmike_diamond_2, david_vaults_2, hangedman_decor_growths,
          serial_ice, serial_ice_c, serial_ice_h, serial_ice_e, serial_ice_l,
          serial_ice_g, serial_ice_o, serial_ice_b, serial_ice_n, serial_ice_m,
          serial_ice_f, portal_ice_cave_entry_pillars_2, uniq_frances
Temple:   nicolae_temple_figure_eight
Lair:1:   lemuel_fruit_tree, lemuel_fruit_fields, grunt_megastairs_3,
          lemuel_fruit_fields
Lair:2:   minmay_snake_entry_guardpost_small, lightli_volcano_entry_magma_tube,
          serial_bayou_shore_b, serial_bayou_shore_b
Lair:3:   swamp_mist_pool, lemuel_centaur_altar
Snake:1:  special_room, spider_trap, hangedman_venom_bottle, uniq_agnes
Snake:2:  nicolae_snake_nest, basic_altar
Snake:3:  serial_bayou_shore_b, grunt_megastairs_4, uniq_saint_roka, uniq_aizul,
          uniq_roxanne
Snake:4:  johnstein_snake_rune_scales, serial_bayou_shore_b
Orc:1:    cheibrodos_orc_guarddog, abandoned_shop, minmay_orc_barracks

Skill      XL: |  1  2  3  4  5  6  7  8  9 10 11 12 13 14 15 16 |
---------------+-------------------------------------------------+-----
Axes           | 2 3 4 6 7 9 10 11 12 13 14 | 14.0
Fighting       | 5 6 7 9 11 12 13 14 15 16 | 16.4
Invocations    | 2 5 7 9 10 11 12 | 12.3
Armour         | 4 6 8 9 11 12 | 12.7
Shields        | 4 6 8 9 11 12 | 12.7

Action                   |  1- 3 |  4- 6 |  7- 9 | 10-12 | 13-15 | 16-18 || total
-------------------------+-------+-------+-------+-------+-------+-------++-------
Melee: War axe           |    59 |    58 |   257 |   632 |   424 |       ||  1430
       Broad axe         |       |       |       |       |   548 |   169 ||   717
Invok: Minor Destruction |       |       |       |    14 |    12 |       ||    26
       Lesser Servant of |       |       |       |     5 |    19 |     7 ||    31
       Greater Servant o |       |       |       |       |     1 |       ||     1
Evoke: Wand              |       |       |     1 |       |       |       ||     1
       Phantom mirror    |       |       |       |     1 |       |       ||     1
  Use: Scroll            |       |     1 |     5 |     9 |    21 |     1 ||    37
       Potion            |       |       |       |     5 |     6 |       ||    11
 Stab: Distracted        |       |       |       |     2 |     6 |     3 ||    11
  Eat: Chunk             |       |     1 |     8 |    11 |    18 |       ||    38
       Ration            |       |       |       |     2 |     3 |       ||     5
Armor: Scale mail        |    22 |    35 |   128 |       |       |       ||   185
       Plate armour      |       |       |    15 |   625 |    16 |       ||   656
       Crystal plate arm |       |       |       |       |  1035 |   113 ||  1148
Dodge: Dodged            |    21 |     9 |    73 |   195 |   270 |    46 ||   614
Block: Shield            |    29 |    37 |   149 |   492 |   857 |    43 ||  1607
       Large shield      |       |       |       |       |       |   163 ||   163

Table legend:
 A = Spawn XP
 B = Non-spawn XP
 C = Spawn XP percentage of total XP
 D = Spawn monster count
 E = Non-spawn monster count
 F = Spawn count percentage of total count
 G = Total turns spent on level
                    A         B        C        D         E        F      G
               +---------+---------+-------+---------+---------+-------+---------
         Total |       0 |  157179 |   0.0 |       0 |     646 |   0.0 | 15830
               +---------+---------+-------+---------+---------+-------+---------
           D:1 |       0 |       9 |   0.0 |       0 |       6 |   0.0 |   146
           D:2 |       0 |      10 |   0.0 |       0 |       6 |   0.0 |   368
           D:3 |       0 |     315 |   0.0 |       0 |      15 |   0.0 |   367
           D:4 |       0 |     358 |   0.0 |       0 |      17 |   0.0 |   457
           D:5 |       0 |     744 |   0.0 |       0 |      16 |   0.0 |   470
           D:6 |       0 |     810 |   0.0 |       0 |      14 |   0.0 |   542
           D:7 |       0 |    2945 |   0.0 |       0 |      27 |   0.0 |  1391
           D:8 |       0 |    3495 |   0.0 |       0 |      64 |   0.0 |   850
           D:9 |       0 |    1642 |   0.0 |       0 |      33 |   0.0 |   948
          D:10 |       0 |    4816 |   0.0 |       0 |      28 |   0.0 |  1273
          D:11 |       0 |    6121 |   0.0 |       0 |      45 |   0.0 |  1254
          D:12 |       0 |    7187 |   0.0 |       0 |      62 |   0.0 |   756
          D:13 |       0 |    7765 |   0.0 |       0 |      36 |   0.0 |  1009
          D:14 |       0 |    8862 |   0.0 |       0 |      27 |   0.0 |   234
        Lair:1 |       0 |    4567 |   0.0 |       0 |      11 |   0.0 |   378
        Lair:2 |       0 |    7966 |   0.0 |       0 |      33 |   0.0 |   870
        Lair:3 |       0 |    1988 |   0.0 |       0 |       9 |   0.0 |   427
       Snake:1 |       0 |   11736 |   0.0 |       0 |      26 |   0.0 |   960
       Snake:2 |       0 |   10885 |   0.0 |       0 |      20 |   0.0 |   742
       Snake:3 |       0 |   17304 |   0.0 |       0 |      47 |   0.0 |   546
       Snake:4 |       0 |   57518 |   0.0 |       0 |     100 |   0.0 |  1572
         Orc:1 |       0 |     136 |   0.0 |       0 |       4 |   0.0 |    11
               +---------+---------+-------+---------+---------+-------+---------
